 Dungeon Crawl Stone Soup version 0.26-a0-651-gb41185065b (webtiles) character file.

Game seed: 1463575967152908237

17127 marklar909 the Zephyrmancer (level 12, -2/73 HPs)
             Began as a Tengu Air Elementalist on Sept 29, 2020.
             Was an Elder of Vehumet.
             Slain by a jumping spider (5 damage)
             ... on level 1 of the Lair of Beasts.
             The game lasted 00:42:17 (24061 turns).

marklar909 the Zephyrmancer (TeAE)                 Turns: 24061, Time: 00:42:18

Health: -2/73      AC:  9    Str:  9    XL:     12   Next: 44%
Magic:  7/26       EV: 11    Int: 20    God:    Vehumet [****..]
Gold:   1086       SH:  0    Dex: 15    Spells: 17/30 levels left

rFire    . . .     SeeInvis .   G - staff of earth
rCold    . . .     Faith    .   (no shield)
rNeg     . . .     Spirit   .   a - +0 robe
rPois    +         Reflect  .   (helmet restricted)
rElec    .         Harm     .   r - +2 cloak {MR+}
rCorr    .         Rampage  .   (no gloves)
MR       +....                  (boots unavailable)
Stlth    ++........             (no amulet)
HPRegen  0.22/turn              w - +4 ring of protection
MPRegen  0.20/turn              C - ring of poison resistance

@: flying quickly and evasively, held, quick
A: beak, talons 3, able to fly
a: Stop Flying, Renounce Religion


You were on level 1 of the Lair of Beasts.
You worshipped Vehumet.
Vehumet was greatly pleased with you.
You visited 3 branches of the dungeon, and saw 14 of its levels.

You collected 1086 gold pieces.

Inventory:

Armour
 a - a +0 robe (worn)
 r - a +2 cloak of magic resistance (worn)
Magical Staves
 G - an uncursed staff of earth (weapon)
Jewellery
 h - an uncursed ring of protection from cold
 v - an uncursed ring of protection from magic
 w - a +4 ring of protection (left hand)
 C - a ring of poison resistance (right hand)
 I - an uncursed ring of wizardry
Wands
 q - a wand of paralysis (15)
 y - a wand of polymorph (7)
 E - a wand of random effects (19)
 H - a wand of flame (27)
Scrolls
 b - 9 scrolls of identify
 c - 7 scrolls of magic mapping
 i - 6 scrolls of remove curse
 l - a scroll of fog
 m - a scroll of immolation
 o - a scroll of enchant weapon {unknown}
 p - 5 scrolls of teleportation
 A - a scroll of amnesia {unknown}
 F - a scroll of enchant armour {unknown}
Potions
 e - 2 potions of mutation
 f - a potion of magic
 g - 4 potions of ambrosia
 j - 4 potions of lignification
 k - a potion of curing
 n - a potion of berserk rage {unknown}
 s - 2 potions of might {unknown}
 t - 2 potions of haste {unknown}
 u - a potion of invisibility {unknown}
 x - a potion of cancellation {unknown}
 z - a potion of brilliance {unknown}
 B - a potion of heal wounds {unknown}
 D - 2 potions of resistance {unknown}


   Skills:
 * Level 7.8 Fighting
 + Level 6.2 Armour
 * Level 8.6 Dodging
 - Level 2.0 Stealth
 - Level 0.5 Unarmed Combat
 + Level 9.6 Spellcasting
 * Level 7.2 Conjurations
 + Level 13.7 Air Magic
 * Level 2.2 Poison Magic
 + Level 1.2 Evocations


You had 17 spell levels left.
You knew the following spells:

 Your Spells              Type           Power        Failure   Level
a - Shock                 Conj/Air       ####         1%          1
b - Airstrike             Air            ######....   1%          4
c - Lightning Bolt        Conj/Air       ######....   1%          5
d - Mephitic Cloud        Conj/Pois/Air  #####...     1%          3

Your spell library contained the following spells:

 Spells                   Type           Power        Failure   Level
 Hailstorm                Conj/Ice       ###.....     4%          4
 Swiftness                Air            ######..     1%          2
 Dazzling Flash           Conj/Hex       ###...       1%          3
 Static Discharge         Conj/Air       ######..     1%          3
 Beastly Appendage        Tmut           #.....       8%          1
 Corona                   Hex            #......      8%          1
 Ensorcelled Hibernation  Hex/Ice        #.....       11%         2
 Wereblood                Tmut           #.......     11%         2
 Spider Form              Tmut/Pois      ##........   14%         3
 Confusing Touch          Hex            #.......     22%         3
 Tukima's Dance           Hex            #.......     22%         3
 Ice Form                 Ice/Tmut       #.......     58%         4
 Blade Hands              Tmut           #.........   90%         5


Dungeon Overview and Level Annotations

Branches:
Dungeon (11/15)            Temple (1/1) D:6            Lair (2/6) D:11
    Orc (0/2) D:11
  Swamp: Lair:2-4    Shoals: Lair:2-4     Snake: Lair:2-4    Spider: Lair:2-4

Altars:
Ashenzari
Cheibriados
Dithmenos
Elyvilon
Fedhas
Gozag
Hepliaklqana
Kikubaaqudgha
Makhleb
Nemelex Xobeh
Okawaru
Qazlal
Ru
Sif Muna
Trog
Uskayaw
Vehumet
Wu Jian
Xom
Yredelemnul
Zin
The Shining One
Beogh

Annotations:
D:9 3 runed translucent doors, Idymn's ghost, journeyman DsGl
Lair:2 Gastronok


Innate Abilities, Weirdness & Mutations

You have a beak for a mouth.
You have claws for feet.
You can fly continuously.


Message History

The bolt of lightning hits the jumping spider.
The jumping spider is heavily wounded.
The jumping spider pounces on you!
You are caught in a web!
The jumping spider barely misses you.
Unknown command.
Unknown command.
Casting: Lightning Bolt (dangerous; 1% risk of failure)
Confirm with . or Enter, or press ? or * to list all spells.
Aiming: Lightning Bolt (dangerous; 1% risk of failure)
Press: ? - help, Shift-Dir - straight line You hear a mighty clap of thunder!
The bolt of lightning misses the jumping spider. x2
The jumping spider pounces on you!
* * * LOW HITPOINT WARNING * * *
The jumping spider bites you.
* * * LOW HITPOINT WARNING * * *
The jumping spider pounces on you!
* * * LOW HITPOINT WARNING * * *
The jumping spider bites you.
You die...

........####...............#
##.. ........#
#...............## #...
.......#####.............## #...
......................#### ##..
......†.........=..#### ##..
...............#..## ##...
.........P######.>.# ####....
........### ##.s### #####......#
.P.......## #.#@# #........###
..........## ##..# ###.......#.#
#.(........# #..###..........##
...........####.##.#..........#
............##..###...........##
................####...........#
.................###..........##
................###..........##
................###..........#


You could see a jumping spider.

Vanquished Creatures
  A centaur warrior (D:8)
  2 two-headed ogres (D:9)
  A deep elf knight (D:8)
  2 unseen horrors
  An ugly thing (D:11)
  A deep elf mage (D:8)
  A manticore (D:9)
  2 cane toads (Lair:1)
  A gargoyle (D:11)
  A komodo dragon (Lair:1)
  A rime drake (Lair:1)
  A jumping spider (Lair:2)
  2 trolls
  5 hippogriffs
  A meliai zombie (D:11)
  A redback (Lair:1)
  2 wraiths (D:8)
  6 yaks (D:10)
  3 wargs (D:11)
  6 orc warriors
  4 porcupines
  3 sky beasts
  2 ice beasts
  4 phantoms
  8 ogres
  3 centaurs
  7 crocodiles
  4 big kobolds
  12 bullfrogs
  3 scorpions
  A water moccasin skeleton (D:8)
  5 killer bees (D:8)
  13 wights
  7 howler monkeys
  3 bullfrog zombies
  2 centaur zombies (D:6)
  A bullfrog skeleton (D:7)
  2 jellies
  Crazy Yiuf (D:5)
  4 hounds
  14 orc priests
  21 orc wizards
  Natasha (thrice) (D:4)
  A centaur skeleton (D:8)
  2 iguanas
  9 worker ants
  2 hound zombies
  3 gnolls (D:5)
  A howler monkey skeleton (D:6)
  14 adders
  2 shadow imps
  3 white imps
  4 ufetubi
  An ooze (D:1)
  2 adder skeletons
  6 worms
  4 dart slugs
  7 leopard geckos
  54 orcs
  11 ball pythons
  4 giant cockroaches
  2 gnoll zombies (D:3)
  9 hobgoblins
  4 jackals
  5 quokkas
  6 bats
  5 frilled lizards
  13 goblins
  A jackal skeleton (D:4)
  26 kobolds
  3 rats
372 creatures vanquished.

Vanquished Creatures (others)
  5 fungi
  17 plants
22 creatures vanquished.

Grand Total: 394 creatures vanquished

Notes
Turn   | Place    | Note
-------+----------+-------------------------------------------
     0 | D:1      | marklar909 the Tengu Air Elementalist began the quest for
                  | the Orb.
     0 | D:1      | Reached XP level 1. HP: 10/10 MP: 4/4
   384 | D:1      | Reached XP level 2. HP: 15/15 MP: 1/6
   812 | D:1      | Reached XP level 3. HP: 20/20 MP: 1/7
  1466 | D:2      | Reached skill level 5 in Air Magic
  1676 | D:2      | Reached XP level 4. HP: 24/24 MP: 6/8
  1748 | D:2      | Learned a level 4 spell: Airstrike
  1782 | D:2      | Reached skill level 1 in Fighting
  2456 | D:2      | Found a sparkling altar of Nemelex Xobeh.
  2467 | D:2      | Found a glowing silver altar of Zin.
  2955 | D:3      | Gained mutation: You can fly continuously. [Tengu growth]
  2955 | D:3      | Reached XP level 5. HP: 29/29 MP: 4/10
  3319 | D:3      | Found a sacrificial altar of Ru.
  4087 | D:3      | Reached skill level 6 in Air Magic
  4095 | D:3      | Reached XP level 6. HP: 35/35 MP: 1/11
  4620 | D:3      | Found a basalt altar of Yredelemnul.
  4803 | D:4      | Noticed Natasha
  5136 | D:4      | Reached skill level 1 in Armour
  5136 | D:4      | Reached XP level 7. HP: 40/40 MP: 0/13
  5847 | D:4      | Reached skill level 7 in Air Magic
  6443 | D:4      | Killed Natasha
  6467 | D:3      | Reached XP level 8. HP: 36/46 MP: 3/15
  6707 | D:4      | Noticed Natasha
  6709 | D:4      | Killed Natasha
  6794 | D:4      | Noticed Natasha
  6797 | D:4      | Killed Natasha
  7310 | D:5      | Entered Level 5 of the Dungeon
  7358 | D:5      | Found a shadowy altar of Dithmenos.
  7489 | D:5      | Found a snail-covered altar of Cheibriados.
  7961 | D:5      | Learned a level 5 spell: Lightning Bolt
  8089 | D:5      | Reached skill level 8 in Air Magic
  8684 | D:5      | Found a runed translucent door.
  8685 | D:5      | Noticed Crazy Yiuf
  8707 | D:5      | Killed Crazy Yiuf
  9399 | D:6      | Reached skill level 5 in Spellcasting
  9668 | D:6      | Reached XP level 9. HP: 52/52 MP: 12/17
  9703 | D:6      | Reached skill level 5 in Dodging
  9703 | D:6      | Reached skill level 9 in Air Magic
 10769 | D:6      | Found a staircase to the Ecumenical Temple.
 10873 | D:6      | Found an iron altar of Okawaru.
 10935 | Temple   | Entered the Ecumenical Temple
 11048 | Temple   | Became a worshipper of the Shining One
 12304 | D:7      | Reached skill level 5 in Conjurations
 12334 | D:7      | Reached skill level 10 in Air Magic
 12620 | D:8      | Reached * piety under the Shining One
 12624 | D:8      | Reached skill level 5 in Armour
 12652 | D:8      | Noticed an unseen horror
 12824 | D:7      | Killed an unseen horror
 12824 | D:7      | Reached skill level 5 in Fighting
 12824 | D:7      | Reached XP level 10. HP: 35/59 MP: 3/20
 13619 | D:8      | Found a radiant altar of Vehumet.
 13837 | D:8      | Fell from the grace of the Shining One
 13837 | D:8      | Became a worshipper of Vehumet
 14006 | D:9      | Noticed a manticore
 14011 | D:9      | Killed a manticore
 14503 | D:9      | Noticed a two-headed ogre
 14593 | D:9      | Killed a two-headed ogre
 15037 | D:9      | Found a runed translucent gate.
 15037 | D:9      | Noticed Idymn's ghost (journeyman DsGl)
 15039 | D:9      | Found a runed translucent gate.
 15039 | D:9      | Found a runed translucent gate.
 15133 | D:9      | Found a shimmering altar of Xom.
 15134 | D:9      | Found a shimmering altar of Xom.
 15136 | D:9      | Found a shimmering altar of Xom.
 15149 | D:9      | Found a shimmering altar of Xom.
 15152 | D:9      | Found a shimmering altar of Xom.
 15154 | D:9      | Found a shimmering altar of Xom.
 15212 | D:9      | Reached skill level 11 in Air Magic
 15652 | D:10     | Entered Level 10 of the Dungeon
 15819 | D:10     | Reached * piety under Vehumet
 15819 | D:10     | Offered knowledge of Magic Dart by Vehumet.
 16112 | D:8      | Noticed a two-headed ogre
 16268 | D:9      | Killed a two-headed ogre
 16268 | D:9      | Reached XP level 11. HP: 64/64 MP: 5/24
 16412 | D:8      | Noticed a centaur warrior
 16430 | D:8      | Killed a centaur warrior
 16430 | D:8      | Reached skill level 12 in Air Magic
 16592 | D:8      | Noticed a deep elf mage
 16600 | D:8      | Killed a deep elf mage
 16887 | D:8      | Killed an unseen horror
 17221 | D:8      | Noticed a deep elf knight
 17225 | D:8      | Killed a deep elf knight
 18151 | D:10     | Reached ** piety under Vehumet
 18151 | D:10     | Offered knowledge of Freeze by Vehumet.
 18700 | D:10     | Offered knowledge of Mephitic Cloud by Vehumet.
 19256 | D:11     | Found a blossoming altar of Fedhas.
 19460 | D:11     | Learned a level 3 spell: Mephitic Cloud
 19524 | D:11     | Reached skill level 13 in Air Magic
 19688 | D:11     | Reached *** piety under Vehumet
 19882 | D:11     | Identified the +9 short sword "Ypuunuec" {pain, rPois
                  | Int+4}
 20022 | D:11     | Reached XP level 12. HP: 72/72 MP: 8/26
 20599 | D:11     | Reached skill level 1 in Poison Magic
 20601 | D:11     | Offered knowledge of Frozen Ramparts by Vehumet.
 20737 | D:11     | Found a staircase to the Orcish Mines.
 20768 | D:11     | Found a roughly hewn altar of Beogh.
 20853 | D:11     | Found a staircase to the Lair.
 21775 | Lair:1   | Entered Level 1 of the Lair of Beasts
 21863 | Lair:1   | Reached **** piety under Vehumet
 22136 | Lair:1   | Reached skill level 1 in Evocations
 22373 | Lair:1   | Offered knowledge of Hailstorm by Vehumet.
 23089 | Lair:2   | Noticed Gastronok
 24061 | Lair:1   | HP: 3/73 [jumping spider (15)]
 24061 | Lair:1   | Slain by a jumping spider

Illustrated notes

Levels and vault maps discovered:
D:1:      dpeg_arrival_houses_and_road, layout_basic, minivault_19
D:2:      layout_basic, amethyst_overflow_temple_binary,
          kennysheep_generic_room_6
D:3:      layout_loops_cross, lemuel_zombie_altar_yredelemnul,
          lemuel_crystal_altar, minmay_shallow_snake_nest
D:4:      layout_rooms, uniq_natasha
D:5:      layout_loops_cross, nicolae_dithmenos_through_a_glass_darkly,
          kennysheep_mini, uniq_crazy_yiuf_cottage
D:6:      layout_basic, okawaru_trees_1, minmay_temple_entry_proselytizer
D:7:      layout_loops_ring
D:8:      minmay_klotski, layout_cave_pools, kennysheep_little_box
D:9:      layout_loops_ring, ebering_ghost_rock_garden, xom_redecorated
D:10:     layout_loops_cross
D:11:     layout_grid_maze, erik_lair_orcish_takeover,
          minmay_orc_entry_temple_small, fedhas_altar_2
Temple:   zaba_magenta_temple
Lair:1:   layout_cave_pods, serial_bayou_shore_a
Lair:2:   layout_loops_ring, minmay_swamp_entry_eels,
          nicolae_spider_entry_tight_spaces, lemuel_fruit_tree,
          grunt_megastairs_2, minmay_lair_oklob_chamber, uniq_gastronok

Skill      XL: |  1  2  3  4  5  6  7  8  9 10 11 12 |
---------------+-------------------------------------+-----
Conjurations   | 2 3 4 5 7 |  7.2
Air Magic      | 5 6 7 8 10 11 13 | 13.7
Fighting       | 1 2 3 5 6 7 |  7.8
Dodging        | 3 4 6 7 8 |  8.6
Spellcasting   | 3 4 5 6 8 9 |  9.6
Armour         | 1 2 3 5 6 |  6.2
Poison Magic   | 2 |  2.2
Evocations     | 1 |  1.2
Stealth        | |  2.0
Unarmed Combat | |  0.5

Action                   |  1- 3 |  4- 6 |  7- 9 | 10-12 || total
-------------------------+-------+-------+-------+-------++-------
Melee: Unarmed           |    15 |       |     7 |    25 ||    47
       Kick              |     4 |       |     2 |    14 ||    20
       Peck              |     2 |       |     2 |     6 ||    10
       Punch             |       |       |       |     1 ||     1
       Staff             |       |       |       |     6 ||     6
 Cast: Shock             |    59 |   170 |   113 |    89 ||   431
       Airstrike         |       |     4 |   115 |   174 ||   293
       Lightning Bolt    |       |       |       |    93 ||    93
       Mephitic Cloud    |       |       |       |     1 ||     1
 Abil: Fly               |       |     1 |       |       ||     1
Evoke: Wand              |       |       |       |     4 ||     4
  Use: Scroll            |       |       |    14 |     5 ||    19
       Potion            |       |       |       |     1 ||     1
 Stab: Paralysed         |       |       |       |    12 ||    12
Armor: Robe              |     1 |     1 |     3 |    32 ||    37
Dodge: Dodged            |    14 |    15 |    37 |   127 ||   193

Table legend: (Time is in decaauts)
 A = Elapsed time spent in this place.
 B = Non-inter-level travel time spent in this place.
 C = Inter-level travel time spent in this place.
 D = Time resting spent in this place.
 E = Time spent auto-exploring this place.
 F = Levels seen in this place.
 G = Mean time per level.
                   A        B        C        D        E       F      G
               +--------+--------+--------+--------+--------+-----+--------+
         Total |  23317 |  21902 |   1415 |   8007 |  11497 |  14 | 1665.5 |
       Dungeon |  21003 |  19763 |   1240 |   6917 |  10614 |  11 | 1909.4 |
        Temple |    114 |     69 |     45 |      0 |     51 |   1 |  114.0 |
          Lair |   2199 |   2070 |    129 |   1090 |    832 |   2 | 1099.5 |
               +--------+--------+--------+--------+--------+-----+--------+

Top non-repeatable levels by time:
    D:11: 2602 daAuts
     D:3: 2419 daAuts
     D:9: 2409 daAuts
  Lair:1: 2074 daAuts
     D:8: 2059 daAuts
     D:6: 1931 daAuts
     D:2: 1832 daAuts
     D:5: 1677 daAuts
     D:4: 1624 daAuts
     D:7: 1613 daAuts
    D:10: 1495 daAuts
     D:1: 1337 daAuts
  Lair:2: 125 daAuts
  Temple: 114 daAuts
